 Dungeon Crawl Stone Soup version 0.28.0-45-g0d030f2227 (webtiles) character file.

Game seed: 1563816976841853017

11918 CryoSword the Grappler (level 11, -1/105 HPs)
             Began as a Troll Monk on Apr 2, 2022.
             Was a High Priest of Kikubaaqudgha.
             Slain by a vampire (7 damage)
             ... on level 11 of the Dungeon.
             The game lasted 00:20:27 (10825 turns).

CryoSword the Grappler (Troll Monk)                Turns: 10825, Time: 00:20:28

Health: -1/105     AC:  8    Str: 21    XL:     11   Next: 55%
Magic:  13/13      EV:  9    Int: 10    God:    Kikubaaqudgha [*****.]
Gold:   270        SH: 10    Dex: 12    Spells: 3/14 levels left

rFire   . . .      SeeInvis .     - Unarmed
rCold   . . .      Faith    .   E - +0 kite shield
rNeg    . . .      Spirit   .   G - +0 acid dragon scales
rPois   +          Reflect  .   (helmet restricted)
rElec   .          Harm     .   (no cloak)
rCorr   +          Rampage  .   (gloves unavailable)
Will    .....                   (boots unavailable)
Stlth   +.........              t - amulet of the acrobat
HPRegen 1.07/turn               d - ring of poison resistance
MPRegen 0.13/turn               F - ring of wizardry {=R}

@: mighty
A: large, unfitting armour, claws 3, regeneration 1, shaggy fur 1, tough skin 1
a: Renounce Religion, Receive Corpses, Torment


You were on level 11 of the Dungeon.
You worshipped Kikubaaqudgha.
Kikubaaqudgha was extremely pleased with you.
You visited 2 branches of the dungeon, and saw 12 of its levels.

You collected 655 gold pieces.
You spent 385 gold pieces at shops.

Inventory:

Hand Weapons
 w - a +2 short sword of flaming
   (You took it off a kobold on level 7 of the Dungeon)
Missiles
 g - 3 atropa-tipped darts (quivered)
 h - 49 poisoned darts
 B - 9 boomerangs
Armour
 c - a +0 tower shield
   (You found it on level 2 of the Dungeon)
 E - a +0 kite shield (worn)
   (You took it off an orc warrior on level 9 of the Dungeon)
 G - +0 acid dragon scales (worn)
   (You found it on level 11 of the Dungeon)
Magical Staves
 A - a staff of death
   (You found it on level 9 of the Dungeon)
Jewellery
 a - a ring of flight
   (You found it on level 6 of the Dungeon)
 d - a ring of poison resistance (left claw)
   (You found it on level 11 of the Dungeon)
 k - a ring of protection from cold
   (You found it on level 7 of the Dungeon)
 l - a ring of protection from cold
   (You found it on level 4 of the Dungeon)
 t - an amulet of the acrobat (around neck)
   (You found it on level 7 of the Dungeon)
 F - a ring of wizardry (right claw) {=R}
   (You found it on level 10 of the Dungeon)
 H - a ring of see invisible
   (You bought it in a shop on level 4 of the Dungeon)
 L - a ring of fire
   (You found it on level 11 of the Dungeon)
Wands
 b - a wand of flame (50)
   (You found it on level 6 of the Dungeon)
 q - a wand of digging (1)
   (You took it off a vampire on level 11 of the Dungeon)
 D - a wand of acid (6)
   (You found it on level 9 of the Dungeon)
Scrolls
 e - a scroll of blinking {unknown}
 o - a scroll of amnesia {unknown}
 v - a scroll of fog {unknown}
 x - 4 scrolls of teleportation {@r4}
 y - a scroll of enchant armour {unknown}
 C - 2 scrolls of fear
Potions
 f - 3 potions of lignification {unknown}
 i - a potion of might
 j - 3 potions of curing {@q1}
 m - 3 potions of brilliance
 n - a potion of haste {unknown}
 p - a potion of attraction {unknown}
 r - a potion of cancellation {unknown}
 s - a potion of ambrosia {unknown}
 z - a potion of resistance {unknown}
 I - a potion of invisibility
 J - a potion of degeneration {unknown}


   Skills:
 + Level 6.0 Fighting
 + Level 1.3 Armour
 - Level 4.0 Dodging
 - Level 1.0 Stealth
 - Level 9.2 Shields
 * Level 9.9 Unarmed Combat
 - Level 2.0 Spellcasting
 + Level 6.8 Necromancy


You had 3 spell levels left.
You knew the following spells:

 Your Spells              Type           Power      Damage    Failure   Level
a - Vampiric Draining     Necr           14%        2d7       6%          3
b - Dispel Undead         Necr           14%        3d10      19%         4
z - Animate Dead          Necr           7%         N/A       19%         4

Your spell library contained the following spells:

 Spells                   Type           Power      Damage    Failure   Level
 Animate Skeleton         Necr           28%        N/A       1%          1
 Corpse Rot               Necr/Air       14%        N/A       12%         2
 Poisonous Vapours        Pois/Air       2%         N/A       41%         2
 Conjure Flame            Conj/Fire      1%         6-21      63%         3
 Ignite Poison            Fire/Tmut/Pois 1%         N/A       63%         3
 Agony                    Necr           14%        N/A       45%         5
 Borgnjor's Vile Clutch   Necr/Erth      3%         N/A       88%         5
 Death Channel            Necr           7%         N/A       94%         6
 Sticky Flame             Conj/Fire      1%         2d3       95%         4
 Freezing Cloud           Conj/Ice/Air   0%         6-21      100%        5
 Conjure Ball Lightning   Conj/Air       0%         3x3d6     100%        6
 Simulacrum               Ice/Necr       3%         N/A       100%        6


Dungeon Overview and Level Annotations

Branches:
Dungeon (11/15)            Temple (1/1) D:5            Lair (0/6) D:11
    Orc (0/2) D:10

Altars:
Ashenzari
Cheibriados
Dithmenos
Elyvilon
Fedhas
Hepliaklqana
Kikubaaqudgha
Makhleb
Okawaru
Qazlal
The Shining One
Beogh

Shops:
D:2 [   D:4 =

Annotations:
D:3 2 runed translucent doors, Gabide's ghost, weakling DgIE


Innate Abilities, Weirdness & Mutations

You are too large for most types of armour.
You have claws for hands.
Your natural rate of healing is unusually fast.
You are covered in fur. (AC +1)
You have tough skin. (AC +1)


Message History

Kikubaaqudgha accepts your kill.
You see here an ugly thing corpse.
g - 3 atropa-tipped darts (gained 1)
A vampire comes into view.
It is wearing an orb of mayhem and carrying a wand of digging (3).
The vampire zaps a wand.
Some rock shatters into small pieces.
Unknown command.
Found a stone staircase leading up.
You hear a zap.
Some rock shatters into small pieces.
You scratch the vampire. You block the vampire's attack. x2
You closely miss the vampire. The vampire hits you.
The vampire bites you but does no damage.
You closely miss the vampire. The vampire hits you! The vampire bites you.
The vampire draws strength from your injuries!
A water moccasin comes into view.
You scratch the vampire but do no damage.
The vampire barely misses you. The vampire bites you.
The vampire draws strength from your injuries!
You claw the vampire!
The vampire hits you but does no damage.
You block the vampire's attack.
You scratch the vampire. You block the vampire's attack.
The vampire barely misses you.
You claw the vampire! You block the water moccasin's attack.
You block the vampire's attack. The vampire bites you.
The vampire draws strength from your injuries!
You claw the vampire! You block the water moccasin's attack.
The vampire gestures wildly while chanting.
The vampire flickers and vanishes!
Deactivating autopickup; reactivate with Ctrl-A.
You scratch something but do no damage. The water moccasin bites you.
You block the water moccasin's attack. Something draws life force from you!
You scratch something. You block the water moccasin's attack.
You scratch something but do no damage.
You hear some strange, mumbled words.
You are confused.
The water moccasin bites you but does no damage.
The water moccasin bites you but does no damage.
Something barely misses you. Something misses you.
The water moccasin barely misses you. Something hits you. Something bites you.
Something draws strength from your injuries!
You scratch something but do no damage. The water moccasin barely misses you.
Something hits you. Something bites you but does no damage.
The water moccasin bites you.
You bump into the rock wall.
You feel less confused. You block the water moccasin's attack.
Something hits you!
* * * LOW HITPOINT WARNING * * *
Something bites you.
* * * LOW HITPOINT WARNING * * *
Something draws strength from your injuries!
You claw something! The water moccasin closely misses you.
Something draws life force from you!
* * * LOW HITPOINT WARNING * * *
The water moccasin completely misses you.
You claw something! Kikubaaqudgha accepts your kill.
You can now invoke torment by sacrificing a corpse.
Reactivating autopickup.
You feel a bit more experienced. The water moccasin bites you.
* * * LOW HITPOINT WARNING * * *
Training target 4.0 for Dodging reached!
Your Dodging skill increases to level 4!
You closely miss the water moccasin. You block the water moccasin's attack.
You miss the water moccasin.
You block the water moccasin's attack. x2
You scratch the water moccasin but do no damage.
The water moccasin barely misses you.
You mangle the water moccasin!! You block the water moccasin's attack.
You mangle the water moccasin!!
You kill the water moccasin!
Kikubaaqudgha accepts your kill.
Your Fighting skill increases to level 6!
q - a wand of digging (1)
You now have 270 gold pieces (gained 20).
You see here an orb of mayhem.
There is a stone staircase leading up here.
A vampire comes into view.
A vampire is nearby!
A vampire is nearby!
A vampire is nearby!
The vampire gestures at you while chanting.
You are confused.
You bump into the rock wall.
The vampire casts a spell at you. You resist with some effort.
The vampire hits you but does no damage.
The vampire completely misses you.
You scratch the vampire but do no damage.
The vampire mumbles some strange words.
The vampire flickers and vanishes!
Deactivating autopickup; reactivate with Ctrl-A.
You bump into the rock wall.
Something hits you! Something bites you but does no damage.
You miss something. Something hits you but does no damage. Something bites you!
Something draws strength from your injuries!
You're too confused to move!
Something hits you but does no damage. Something bites you but does no damage.
You feel better. You block something's attack. Something bites you.
Something draws strength from your injuries!
You claw something! Something hits you. Something bites you.
Something draws strength from your injuries!
You closely miss something. You closely miss something. Something hits you!
Something bites you but does no damage.
You mangle something!! Something draws life force from you.
You completely miss something. Something hits you. Something bites you.
Something draws strength from your injuries!
You barely miss something. Something hits you.
Something bites you but does no damage.
You barely miss something. Something draws life force from you!
* * * LOW HITPOINT WARNING * * *
You scratch something. Something hits you.
* * * LOW HITPOINT WARNING * * *
Something bites you.
* * * LOW HITPOINT WARNING * * *
Something draws strength from your injuries!
You scratch something but do no damage. Something hits you.
* * * LOW HITPOINT WARNING * * *
Something bites you.
* * * LOW HITPOINT WARNING * * *
Something draws strength from your injuries!
You miss something. Something hits you but does no damage. Something bites you.
* * * LOW HITPOINT WARNING * * *
Something draws strength from your injuries!
You scratch something but do no damage. Something hits you.
* * * LOW HITPOINT WARNING * * *
Something bites you but does no damage.
You closely miss something. You block something's attack. Something bites you.
* * * LOW HITPOINT WARNING * * *
Something draws strength from your injuries!
You mangle something!! Something hits you but does no damage.
Something bites you but does no damage.
You barely miss something. You scratch something but do no damage.
Something hits you!
* * * LOW HITPOINT WARNING * * *
Something bites you.
* * * LOW HITPOINT WARNING * * *
Something draws strength from your injuries!
You closely miss something. You block something's attack. Something bites you!
* * * LOW HITPOINT WARNING * * *
Something draws strength from your injuries!
You feel very mighty all of a sudden. Something hits you!
* * * LOW HITPOINT WARNING * * *
Something bites you but does no damage.
You scratch something but do no damage. Something hits you!
You die...
Kikubaaqudgha rasps: "You have failed me!
Welcome... death!"

### ..# ##.## ...#
#.#####..# #
#...{@...#
#.########.#######
#.#...<...........
#...#.####.##.....
#.#........# ....
###..[###### ...
#...........+ ..
#.....####### .
#.#........


There were no monsters in sight!

Vanquished Creatures
  2 two-headed ogres (D:8)
  Pikel (D:7)
  An ugly thing (D:11)
  A komodo dragon (D:11)
  A troll (D:11)
  Prince Ribbit (D:9)
  Grinder (D:5)
  4 shadows
  A wraith (D:9)
  13 yaks
  A vampire (D:11)
  A wyvern (D:7)
  A steam dragon (D:8)
  An acid dragon (D:11)
  7 water moccasins
  2 ice beasts
  7 orc warriors
  A sky beast (D:7)
  An ogre (D:7)
  4 centaurs
  2 necrophages
  2 phantoms (D:7)
  3 kobold brigands
  A wyvern zombie (D:8)
  5 bullfrogs
  4 scorpions
  A water moccasin zombie (D:5)
  A water moccasin skeleton (D:5)
  2 troll zombies (D:10)
  9 killer bees
  An electric eel (D:11)
  6 wights
  3 howler monkeys
  3 centaur zombies
  A bullfrog zombie (D:5)
  3 hounds
  12 orc priests
  A gnoll shaman (D:8)
  2 iguanas
  2 orc wizards (D:9)
  A killer bee zombie (D:8)
  4 ogre zombies (D:10)
  2 hound zombies (D:5)
  2 hound skeletons
  A howler monkey zombie (D:8)
  3 gnolls (D:8)
  A howler monkey skeleton (D:7)
  8 adders
  2 ufetubi
  An adder skeleton (D:4)
  2 dart slugs
  26 orcs
  5 endoplasms
  2 giant cockroaches
  9 goblins
  5 hobgoblins
  4 jackals
  2 quokkas
  4 ball pythons
  5 bats
  3 frilled lizards
  2 goblin skeletons (D:10)
  2 goblin zombies (D:10)
  A hobgoblin skeleton (D:10)
  4 hobgoblin zombies (D:10)
  11 kobolds
  An orc skeleton (D:10)
  9 orc zombies (D:10)
  5 rats
243 creatures vanquished.

Vanquished Creatures (others)
  44 fungi (D:11)
  34 plants
  3 toadstools (D:4)
81 creatures vanquished.

Grand Total: 324 creatures vanquished

Notes
Turn   | Place    | Note
-------+----------+-------------------------------------------
     0 | D:1      | CryoSword the Troll Monk began the quest for the Orb.
     0 | D:1      | Reached XP level 1. HP: 22/22 MP: 0/0
   207 | D:1      | Reached XP level 2. HP: 28/29 MP: 1/1
   734 | D:2      | Found a blossoming altar of Fedhas.
   804 | D:2      | Reached skill level 1 in Shields
   804 | D:2      | Reached XP level 3. HP: 28/36 MP: 2/2
   866 | D:2      | Found Ichiesm's Armour Shoppe.
  1352 | D:3      | Found a large runed translucent door.
  1352 | D:3      | Found a large runed translucent door.
  1354 | D:3      | Noticed Gabide's ghost (weakling DgIE)
  1443 | D:3      | Reached XP level 4. HP: 44/44 MP: 3/3
  1449 | D:3      | Found a faded altar of an unknown god.
  1786 | D:3      | Noticed a necrophage
  1792 | D:3      | Killed a necrophage
  1793 | D:3      | Reached XP level 5. HP: 47/50 MP: 4/4
  2206 | D:4      | Reached XP level 6. HP: 50/59 MP: 5/5
  2267 | D:4      | Found Veer's Jewellery Shoppe.
  2506 | D:4      | Reached skill level 5 in Shields
  2808 | D:5      | Entered Level 5 of the Dungeon
  2808 | D:5      | Noticed an ice beast
  2848 | D:4      | Killed an ice beast
  2893 | D:5      | Reached XP level 7. HP: 62/66 MP: 6/6
  2963 | D:5      | Noticed Grinder
  2991 | D:5      | Paralysed by Grinder for 7 turns
  3027 | D:5      | Paralysed by Grinder for 5 turns
  3036 | D:5      | Killed Grinder
  3104 | D:5      | Found a staircase to the Ecumenical Temple.
  3113 | Temple   | Entered the Ecumenical Temple
  3190 | Temple   | Became a worshipper of Kikubaaqudgha
  3190 | Temple   | Reached * piety under Kikubaaqudgha
  3190 | Temple   | Received a gift from Kikubaaqudgha
  3190 | Temple   | Reached ** piety under Kikubaaqudgha
  3302 | D:5      | Reached skill level 1 in Necromancy
  3739 | D:5      | Reached XP level 8. HP: 34/74 MP: 7/7
  3917 | D:6      | Learned a level 3 spell: Vampiric Draining
  4202 | D:6      | Identified the +1 robe of Gollig {Will+}
  4409 | D:6      | Found the +7 staff of the Meek {protect, meekguard}
  5157 | D:7      | Reached XP level 9. HP: 57/80 MP: 8/8
  5287 | D:7      | Reached skill level 5 in Necromancy
  5571 | D:7      | Noticed Pikel
  5687 | D:7      | Killed Pikel
  6346 | D:8      | Reached skill level 1 in Spellcasting
  6452 | D:8      | Reached skill level 5 in Unarmed Combat
  6452 | D:8      | Reached XP level 10. HP: 48/91 MP: 10/10
  6456 | D:8      | Reached *** piety under Kikubaaqudgha
  6456 | D:8      | Received a gift from Kikubaaqudgha
  6536 | D:8      | Noticed a two-headed ogre
  6553 | D:8      | Killed a two-headed ogre
  6943 | D:9      | Got the Catalogue of the Gliding Snowflakes
  7084 | D:9      | Noticed a two-headed ogre
  7293 | D:8      | Killed a two-headed ogre
  7617 | D:9      | Noticed Prince Ribbit
  7696 | D:9      | Killed Prince Ribbit
  7697 | D:9      | Reached skill level 5 in Fighting
  8289 | D:9      | Learned a level 4 spell: Animate Dead
  8294 | D:9      | Learned a level 4 spell: Dispel Undead
  8303 | D:9      | Found a hazy altar of Hepliaklqana.
  8304 | D:9      | Found a faded altar of an unknown god.
  8338 | D:10     | Entered Level 10 of the Dungeon
  8428 | D:9      | HP: 1/96 [something (20)]
  8645 | D:10     | Reached **** piety under Kikubaaqudgha
  8812 | D:10     | Reached XP level 11. HP: 66/104 MP: 12/12
  8980 | D:4      | Bought a ring of poison resistance for 220 gold pieces
  8980 | D:4      | Bought a ring of see invisible for 165 gold pieces
  9272 | D:10     | Found a staircase to the Orcish Mines.
  9577 | D:10     | Identified the +1 robe "Ally" {rPois Str+4}
 10480 | D:11     | Found a staircase to the Lair.
 10601 | D:11     | Reached skill level 1 in Armour
 10651 | D:11     | Noticed a green ugly thing
 10663 | D:11     | Killed a green ugly thing
 10727 | D:11     | Reached ***** piety under Kikubaaqudgha
 10824 | D:11     | HP: 5/105 [something (8)]
 10825 | D:11     | Slain by a vampire

Illustrated notes

Levels and vault maps discovered:
D:1:      dpeg_arrival_simpleton_c, layout_rooms, chequers_big_river,
          minmay_misc_feat_tiny
D:2:      layout_loops_ring, basic_altar, serial_shops, shop
D:3:      layout_basic, ebering_ghost_disaster_area,
          nicolae_ecumenical_snake_handling
D:4:      layout_loops_ring, serial_shops, shop, grunt_ministairs_14,
          minmay_gold_behind_fungi
D:5:      layout_rooms, minmay_temple_entry_mini_moons,
          hangedman_decor_clover_reticule, uniq_grinder
D:6:      layout_cave_pods, pf_guarded_unrand_meek
D:7:      layout_basic, minmay_joined_circles, uniq_pikel
D:8:      layout_rooms
D:9:      layout_basic, beargit_hepliaklqana_dungeon_heroes, uniq_prince_ribbit1
D:10:     layout_irregular_city, zombieorc1_lemuel
D:11:     layout_basic, due_lair_maze_entry_diamond, fountainhead,
          ashenzari_altar_1
Temple:   mainiacjoe_temple_hex_bubbles

Skill      XL: |  1  2  3  4  5  6  7  8  9 10 11 |
---------------+----------------------------------+-----
Shields        | 1 2 3 4 5 7 8 9 |  9.2
Necromancy     | 2 4 6 |  6.8
Unarmed Combat | 5 8 9 |  9.9
Fighting       | 3 5 6 |  6.0
Spellcasting   | 1 2 |  2.0
Dodging        | 3 4 |  4.0
Armour         | 1 |  1.3
Stealth        | |  1.0

Action                   |  1- 3 |  4- 6 |  7- 9 | 10-12 || total
-------------------------+-------+-------+-------+-------++-------
Melee: Unarmed           |   101 |   131 |   400 |   505 ||  1137
Throw: Dart              |       |       |       |     6 ||     6
Evoke: Wand              |       |       |       |     2 ||     2
  Use: Scroll            |       |     4 |     3 |     4 ||    11
       Potion            |       |       |     3 |     2 ||     5
 Stab: Sleeping          |     5 |     4 |     1 |     1 ||    11
Armor: Robe              |    24 |    34 |    67 |    50 ||   175
       Acid dragon scale |       |       |       |    37 ||    37
Dodge: Dodged            |    27 |    30 |   100 |   175 ||   332
Block: Tower shield      |    46 |    87 |   340 |   111 ||   584
       Kite shield       |       |       |       |   173 ||   173
